 Dungeon Crawl Stone Soup version 0.31-a0-237-g2d982f9f85 (webtiles) character file.

Game seed: 10219760497079933216

2097 qw the Skirmisher (level 9, -5/56 HPs)
             Began as a Gargoyle Hexslinger on July 10, 2023.
             Slain by an orc warrior
             ... wielding a +0 glaive
              (8 damage)
             ... on level 7 of the Dungeon.
             The game lasted 00:02:20 (4175 turns).

qw the Skirmisher (Gargoyle Hexslinger)             Turns: 4175, Time: 00:02:20

Health: -5/56      AC: 11    Str: 12    XL:     9   Next: 28%
Magic:  10/10      EV: 11    Int: 14    God:
Gold:   364        SH:  5    Dex: 16    Spells: 9/10 levels left

rFire   . . .        k - +0 hand crossbow (heavy)
rCold   . . .        (no shield)
rNeg    + . .        g - +0 ring mail
rPois   inf          (no helmet)
rElec   +            (no cloak)
rCorr   .            (no gloves)
SInv    .            (no boots)
Will    .....        e - amulet of reflection
Stlth   +            (no ring)
HPRegen 0.29/turn    (no ring)
MPRegen 0.12/turn

%: reflection
@: about to teleport
A: sickness immunity, AC +6, negative energy resistance 1, electricity
resistance, torment resistance 1, petrification resistance
a: no special abilities


You were on level 7 of the Dungeon.
You visited 1 branch of the dungeon, and saw 7 of its levels.

You collected 364 gold pieces.


Innate Abilities, Weirdness & Mutations

You are immune to sickness and miasma.
Your stone body is resilient. (AC +6)
You are immune to poison.
You resist negative energy. (rN+)
You are resistant to electric shocks. (rElec)
You are resistant to unholy torment.
You are immune to petrification.


   Skills:
 + Level 6.4 Fighting
 - Level 10.0 Ranged Weapons
 - Level 2.5 Armour
 - Level 2.3 Dodging
 - Level 1.0 Spellcasting
 - Level 2.6 Hexes


You had 9 spell levels left.
You knew the following spells:

 Your Spells              Type           Power      Damage    Failure   Level
a - Slow                  Hex            32%        N/A       19%         1

Your spell library contained the following spells:

 Spells                   Type           Power      Damage    Failure   Level
 Inner Flame              Hex/Fire       4%         N/A       69%         3
 Portal Projectile        Hex/Tloc       8%         N/A       69%         3
 Cause Fear               Hex            4%         N/A       88%         4

Inventory:

Hand Weapons
 k - a +0 heavy hand crossbow (weapon)
Armour
 g - a +0 ring mail (worn)
Jewellery
 e - an amulet of reflection (around neck)
 h - a ring of ice
Scrolls
 c - 2 scrolls of identify
 d - 2 scrolls of teleportation
Potions
 b - a potion of lignification {unknown}
 f - a potion of attraction {unknown}
 i - a potion of invisibility {unknown}
 j - a potion of degeneration {unknown}
 l - a potion of enlightenment {unknown}

Dungeon Overview and Level Annotations

Branches:
Dungeon (7/15)
 Temple: D:4-7

Altars:
Cheibriados
Qazlal
Trog
Uskayaw
Yredelemnul


Message History

There is an open door here.
c - 2 scrolls of identify (gained 1)
An orc warrior comes into view. It is wielding a +0 glaive.
The orc warrior shouts!
You hear a shout!
Enter note: You shoot a bolt.
The bolt hits the orc warrior but does no damage.
An orc comes into view. It is wielding a +0 dagger.
A bullfrog comes into view.
You shoot a bolt. The bolt hits the bullfrog!!!
You kill the bullfrog!
An orc comes into view. It is wielding a +0 hand axe.
The orc moves out of view.
You shoot a bolt.
The bolt completely misses the orc warrior.
The orc warrior hits you from afar with a +0 glaive!
The orc warrior closely misses you.
You shoot a bolt. The bolt hits the orc warrior.
The orc warrior is lightly wounded.
The orc warrior hits you from afar with a +0 glaive!
The orc warrior hits you from afar with a +0 glaive.
You shoot a bolt. The bolt hits the orc!
You kill the orc!
The orc warrior closely misses you.
The orc warrior hits you from afar with a +0 glaive! x2
You shoot a bolt. The bolt hits the orc warrior!
The orc warrior is almost dead.
You block the orc warrior's attack. x2
You shoot a bolt.
The bolt closely misses the orc warrior.
The orc warrior hits you from afar with a +0 glaive!!
The orc warrior completely misses you.
4174 ||| READING 3 scrolls of teleportation.
As you read the scroll of teleportation, it crumbles to dust.
You feel strangely unstable.
The orc warrior hits you from afar with a +0 glaive.
You shoot a bolt. The bolt hits the orc!!
You kill the orc!
The orc warrior hits you from afar with a +0 glaive!
You die...

.............
#............#
#............#
#............+ .
#............# ..#
#............#....
##..............###
#..........@)o.....
#........#####%...#
#........'..# ...
#........##.# .
#........##.#
#........##.#
#........##.#
#........##<#
#........####


You could see an orc warrior.

Vanquished Creatures
  Pikel (D:5)
  A steam dragon (D:6)
  Edmund (D:5)
  2 ice beasts (D:5)
  2 black bears (D:6)
  2 ogres
  A centaur (D:6)
  2 lemures (D:5)
  A bullfrog (D:7)
  3 scorpions
  A howler monkey (D:5)
  6 orc priests
  An iguana (D:4)
  3 orc wizards
  A scorpion zombie (D:5)
  A howler monkey zombie (D:5)
  2 gnolls
  9 adders
  2 shadow imps
  2 white imps (D:6)
  An ufetubus (D:6)
  A worm (D:5)
  5 dart slugs
  16 orcs
  6 endoplasms
  A giant cockroach (D:2)
  8 goblins
  6 hobgoblins
  14 jackals
  3 quokkas
  9 ball pythons
  A bat (D:2)
  3 frilled lizards
  6 kobolds
  3 rats
127 creatures vanquished.

Notes
Turn   | Place    | Note
-------+----------+-------------------------------------------
     0 | D:1      | qw the Gargoyle Hexslinger began the quest for the Orb.
     0 | D:1      | Reached XP level 1. HP: 12/12 MP: 2/2
     0 | D:1      | 0 ||| qw: Version: 0.3-a-52-g30416fa
     0 | D:1      | 0 ||| qw: Game counter: 5166
     0 | D:1      | 0 ||| qw: Melee chars always use a shield: true
     0 | D:1      | 0 ||| qw: God list: Okawaru
     0 | D:1      | 0 ||| qw: Allow faded altars: false
     0 | D:1      | 0 ||| qw: Do Orc after clearing Dungeon:15 true
     0 | D:1      | 0 ||| qw: Do second Lair branch before Depths: true
     0 | D:1      | 0 ||| qw: Lair rune preference: random
     0 | D:1      | 0 ||| qw: Goals: Normal
     0 | D:1      | 0 ||| PLANNING D:1-11
   150 | D:1      | Reached XP level 2. HP: 15/16 MP: 3/3
   295 | D:1      | Reached skill level 3 in Ranged Weapons
   462 | D:1      | Reached XP level 3. HP: 11/21 MP: 4/4
   675 | D:1      | 675 ||| UPGRADING to +0 ring mail.
   685 | D:1      | 685 ||| DROPPING +0 robe.
   686 | D:1      | 686 ||| DROPPING ring of wizardry.
   687 | D:1      | 687 ||| READING scroll labelled ISI OFEHUFIE.
   688 | D:1      | 688 ||| READING scroll labelled RUUFAPP VEDDIZ.
   691 | D:1      | 691 ||| READING scroll labelled FUFOFA JYNNAVO.
   692 | D:1      | 692 ||| DROPPING scroll of poison.
   831 | D:2      | Found a snail-covered altar of Cheibriados.
   960 | D:2      | 960 ||| Stepping ~*~*~tactically~*~*~ (outnumbered).
  1036 | D:2      | Reached XP level 4. HP: 26/26 MP: 5/5
  1070 | D:2      | Reached skill level 4 in Ranged Weapons
  1338 | D:3      | Reached skill level 1 in Armour
  1338 | D:3      | 1338 ||| STAIRDANCE
  1364 | D:3      | Noticed an ogre
  1370 | D:3      | Killed an ogre
  1371 | D:3      | Reached skill level 5 in Ranged Weapons
  1371 | D:3      | Reached XP level 5. HP: 12/30 MP: 6/6
  1813 | D:3      | 1813 ||| UPGRADING to amulet of reflection.
  1818 | D:3      | 1818 ||| READING scroll labelled XOMACHA ILIR.
  1819 | D:3      | 1819 ||| READING scroll labelled CUMEGU CYPH.
  1820 | D:3      | 1820 ||| READING scroll labelled PIHUARCHYHU.
  1870 | D:4      | Found a stormy altar of Qazlal.
  1979 | D:4      | Identified the +2 short sword "Wouges" {freeze, Str+4}
  2004 | D:4      | Reached skill level 3 in Fighting
  2061 | D:4      | Reached XP level 6. HP: 37/37 MP: 7/7
  2166 | D:4      | Reached skill level 6 in Ranged Weapons
  2409 | D:4      | 2409 ||| FLEEEEING.
  2410 | D:4      | 2410 ||| FLEEEEING.
  2411 | D:4      | 2411 ||| FLEEEEING.
  2581 | D:4      | Found a bloodstained altar of Trog.
  2664 | D:4      | 2664 ||| SWAPPING to +0 heavy hand crossbow.
  2665 | D:4      | 2665 ||| DROPPING +1 sling of flaming.
  2688 | D:5      | Entered Level 5 of the Dungeon
  2743 | D:5      | 2743 ||| Stepping ~*~*~tactically~*~*~ (outnumbered).
  2745 | D:5      | 2745 ||| Stepping ~*~*~tactically~*~*~ (outnumbered).
  2748 | D:5      | Noticed an ice beast
  2758 | D:5      | Reached XP level 7. HP: 11/43 MP: 8/8
  2758 | D:5      | HP: 9/43 [orc/boomerang (3)]
  2759 | D:5      | 2759 ||| READING 3 scrolls of teleportation.
  2774 | D:5      | Reached skill level 7 in Ranged Weapons
  2897 | D:5      | Noticed Pikel
  2903 | D:5      | Killed Pikel
  2904 | D:5      | Reached skill level 8 in Ranged Weapons
  2904 | D:5      | Reached XP level 8. HP: 27/48 MP: 9/9
  3178 | D:5      | Noticed Edmund
  3184 | D:5      | Killed Edmund
  3333 | D:5      | Found a basalt altar of Yredelemnul.
  3467 | D:5      | Reached skill level 9 in Ranged Weapons
  3543 | D:5      | Found a hide-covered altar of Uskayaw.
  3571 | D:5      | 3571 ||| DROPPING scarf of invisibility.
  3572 | D:5      | 3572 ||| DROPPING amulet of the acrobat.
  3573 | D:5      | 3573 ||| READING scroll labelled TUNAIL WUSUH.
  3574 | D:5      | 3574 ||| DRINKING 2 cyan potions.
  3575 | D:5      | 3575 ||| DRINKING 2 orange potions.
  3576 | D:5      | 3576 ||| DRINKING potion of curing.
  3576 | D:5      | 3576 ||| (to cure confusion)
  3577 | D:5      | 3577 ||| READING 2 scrolls of identify.
  3577 | D:5      | 3577 ||| IDENTIFYING fizzy red potion
  3578 | D:5      | 3578 ||| DROPPING potion of magic.
  3579 | D:5      | 3579 ||| DROPPING potion of ambrosia.
  3683 | D:6      | 3683 ||| FLEEEEING.
  3684 | D:6      | 3684 ||| FLEEEEING.
  3693 | D:6      | 3693 ||| FLEEEEING.
  3694 | D:6      | 3694 ||| FLEEEEING.
  3695 | D:6      | 3695 ||| FLEEEEING.
  3696 | D:6      | 3696 ||| FLEEEEING.
  3697 | D:6      | 3697 ||| FLEEEEING.
  3703 | D:6      | 3703 ||| FLEEEEING.
  3708 | D:6      | HP: 9/49 [something (8)]
  3709 | D:6      | Reached skill level 6 in Fighting
  3957 | D:6      | Found a snail-covered altar of Cheibriados.
  3967 | D:6      | Reached XP level 9. HP: 55/55 MP: 10/10
  4065 | D:6      | Reached skill level 10 in Ranged Weapons
  4129 | D:6      | 4129 ||| READING 2 scrolls labelled NUXZUO DOURCH.
  4130 | D:6      | 4130 ||| READING scroll labelled HUXKIYH LAIWA.
  4131 | D:6      | 4131 ||| DROPPING scroll of revelation.
  4173 | D:7      | HP: 5/56 [orc warrior/+0 glaive (18)]
  4174 | D:7      | 4174 ||| READING 3 scrolls of teleportation.
  4174 | D:7      | HP: 2/56 [orc warrior/+0 glaive (3)]
  4175 | D:7      | Slain by an orc warrior

Levels and vault maps discovered:
D:1:      lightli_arrival_flooded_house, layout_basic
D:2:      layout_basic, basic_altar
D:3:      layout_rooms
D:4:      layout_cave_pools, amcnicky_altar_gilded,
          mainiacjoe_overflow_boulevard, st_stairs_11, minmay_joined_circles
D:5:      layout_basic, mainiacjoe_overflow_brackets,
          lemuel_zombie_altar_yredelemnul, uniq_edmund, uniq_pikel
D:6:      layout_basic, mainiacjoe_overflow_paths
D:7:      layout_basic, vehumet_altar_wand_db, minmay_temple_entry_arrows,
          serial_glass, glass_columns_b, glass_columns_b, uniq_joseph

Skill      XL: |  1  2  3  4  5  6  7  8  9 |
---------------+----------------------------+-----
Ranged Weapons | 3 5 6 8 9 10 | 10.0
Fighting       | 2 3 4 6 |  6.4
Armour         | 1 2 |  2.5
Dodging        | 2 |  2.3
Spellcasting   | |  1.0
Hexes          | |  2.6

Action                     |  1- 3 |  4- 6 |  7- 9 || total
---------------------------+-------+-------+-------++-------
   Fire: Sling             |   113 |   160 |       ||   273
         Hand crossbow     |       |     6 |    99 ||   105
    Use: Scroll            |     3 |     3 |     6 ||    12
         Potion            |       |       |     3 ||     3
 Armour: Robe              |    19 |       |       ||    19
         Ring mail         |    17 |    47 |    38 ||   102
  Dodge: Dodged            |    58 |    42 |    48 ||   148
  Block: Other             |       |    12 |    21 ||    33
         Reflection        |       |     2 |     1 ||     3

Table legend:
 A = Non-vault XP
 B = Vault XP
 C = Vault XP percentage of total XP
 D = Non-vault monster count
 E = Vault monster count
 F = Vault count percentage of total count
                 A         B        C        D         E       F
            +---------+---------+-------+---------+---------+-------
      Total |    2031 |     969 |  32.3 |     104 |      21 |  16.8
            +---------+---------+-------+---------+---------+-------
        D:1 |      35 |       0 |   0.0 |      18 |       0 |   0.0
        D:2 |      75 |       0 |   0.0 |      20 |       0 |   0.0
        D:3 |     141 |       0 |   0.0 |      10 |       0 |   0.0
        D:4 |     183 |     145 |  44.2 |      19 |      17 |  47.2
        D:5 |     493 |     824 |  62.6 |      13 |       4 |  23.5
        D:6 |    1005 |       0 |   0.0 |      21 |       0 |   0.0
        D:7 |      99 |       0 |   0.0 |       3 |       0 |   0.0
            +---------+---------+-------+---------+---------+-------
